 Dungeon Crawl Stone Soup version 0.31-a0-161-gb58dd9be76 (webtiles) character file.

Game seed: 15383317286378107317

211 qw the Chopper (level 5, -1/33 HPs)
             Began as a Gargoyle Fighter on June 12, 2023.
             Slain by an iguana (9 damage)
             ... on level 4 of the Dungeon.
             The game lasted 00:01:25 (2701 turns).

qw the Chopper (Gargoyle Fighter)                   Turns: 2701, Time: 00:01:26

Health: -1/33      AC: 10    Str: 22    XL:     5   Next: 88%
Magic:  5/5        EV:  9    Int:  8    God:
Gold:   90         SH:  4    Dex:  9    Spells: 4/4 levels left

rFire   + . .        Y - +0 broad axe (flame)
rCold   . . .        c - +0 buckler
rNeg    + . .        b - +0 scale mail
rPois   inf          (no helmet)
rElec   +            (no cloak)
rCorr   .            (no gloves)
SInv    .            (no boots)
Will    .....        (no amulet) Stlth
                     k - ring of protection from fire
HPRegen 0.25/turn    (no ring)
MPRegen 0.09/turn

%: no passive effects
@: no status effects
A: sickness immunity, AC +4, negative energy resistance 1, electricity
resistance, torment resistance 1, petrification resistance
a: no special abilities


You were on level 4 of the Dungeon.
You visited 1 branch of the dungeon, and saw 4 of its levels.

You collected 90 gold pieces.


Innate Abilities, Weirdness & Mutations

You are immune to sickness and miasma.
Your stone body is resilient. (AC +4)
You are immune to poison.
You resist negative energy. (rN+)
You are resistant to electric shocks. (rElec)
You are resistant to unholy torment.
You are immune to petrification.


   Skills:
 - Level 4.0 Fighting
 - Level 5.0 Axes
 - Level 3.2 Armour
 + Level 0.3 Dodging
 - Level 3.2 Shields


You had 4 spell levels left.
You didn't know any spells.
Your spell library was empty.

Inventory:

Hand Weapons
 Y - a +0 broad axe of flaming (weapon)
Armour
 b - a +0 scale mail (worn)
 c - a +0 buckler (worn)
Jewellery
 k - a ring of protection from fire (left hand)
Scrolls
 a - a scroll of identify
Potions
 d - a potion of might
 e - a potion of invisibility {unknown}
 h - a potion of curing {unknown}
 i - a potion of enlightenment {unknown}
 j - a potion of heal wounds {unknown}
 n - a potion of attraction {unknown}

Dungeon Overview and Level Annotations

Branches:
Dungeon (4/15)
 Temple: D:4-7

Altars:
Elyvilon

Shops:
D:1 ?   D:2 (


Message History

You drop a potion of berserk rage.
Done exploring.
2652 ||| DROPPING scroll of noise.
You drop a scroll of noise.
Done exploring.
(D) Dungeon
Where to? (* - list waypoints, Enter - D:3, ? - help)
What level of the Dungeon? (default 1, ? - help)
You see here 8 stones.
You see here a +0 ring mail.
You see here a +0 club.
There is a stone staircase leading down here.
You climb downwards.
You hear the sound of rushing water.
There is an entrance to a sewer on this level.
Hurry and find it before the portal rusts away!
There is a stone staircase leading up here.
Waypoint 3 assigned to D:4.
2683 ||| PLANNING SEWER An iguana comes into view.
Found a runed trident.
The iguana hisses angrily.
The iguana moves out of view.
You hit the iguana but do no damage.
The iguana bites you but does no damage.
You barely miss the iguana. The iguana barely misses you.
You closely miss the iguana. The iguana bites you!
The iguana barely misses you.
You closely miss the iguana. The iguana bites you.
You barely miss the iguana. You block the iguana's attack. x2
You hit the iguana but do no damage. The iguana bites you.
You hit the iguana. You burn the iguana.
The iguana is heavily wounded.
The iguana bites you.
You hit the iguana but do no damage.
The iguana is heavily wounded.
The iguana bites you. The iguana bites you!
You die...

## ..# ...
.. ####.#
######.@l.#
#...##.####
#...##.#
#......#
#<..####
#...# #...#
#####


You could see an iguana.

Vanquished Creatures
  A hound (D:3)
  Jessica (D:2)
  An orc wizard (D:3)
  3 gnolls (D:2)
  3 adders (D:3)
  2 worms
  2 dart slugs
  2 orcs (D:3)
  6 ball pythons
  3 endoplasms
  5 giant cockroaches
  3 goblins
  2 hobgoblins
  6 jackals (D:1)
  3 quokkas
  3 bats
  7 frilled lizards
  6 kobolds
  8 rats
67 creatures vanquished.

Notes
Turn   | Place    | Note
-------+----------+-------------------------------------------
     0 | D:1      | qw the Gargoyle Fighter began the quest for the Orb.
     0 | D:1      | Reached XP level 1. HP: 14/14 MP: 1/1
     0 | D:1      | 0 ||| qw: Version: 0.2-a-29-gc1b59c4
     0 | D:1      | 0 ||| qw: Game counter: 4207
     0 | D:1      | 0 ||| qw: Always use a shield: true
     0 | D:1      | 0 ||| qw: God list: Okawaru
     0 | D:1      | 0 ||| qw: Allow faded altars: false
     0 | D:1      | 0 ||| qw: Do Orc after D:15 true
     0 | D:1      | 0 ||| qw: Do second Lair branch before Depths: true
     0 | D:1      | 0 ||| qw: Lair rune preference: random
     0 | D:1      | 0 ||| qw: Plans: Normal, Zot:1-4, Slime:5, God:TSO, Crypt,
                  | Tomb, Abyss, Pan, Hells, Win
     0 | D:1      | 0 ||| PLANNING D:1-11
    72 | D:1      | 72 ||| Stepping ~*~*~tactically~*~*~ (stealth).
    74 | D:1      | 74 ||| Stepping ~*~*~tactically~*~*~ (stealth).
    80 | D:1      | Reached skill level 2 in Axes
   131 | D:1      | Reached XP level 2. HP: 16/19 MP: 2/2
   350 | D:1      | 350 ||| Stepping ~*~*~tactically~*~*~ (stealth).
   387 | D:1      | 387 ||| Stepping ~*~*~tactically~*~*~ (hiding).
   616 | D:1      | Found The Oracle's Delphic Readings.
   620 | D:1      | 620 ||| SHOPLISTING scroll of identify (26 gold, have 9).
   647 | D:1      | Reached skill level 3 in Axes
   767 | D:1      | Reached XP level 3. HP: 23/23 MP: 3/3
  1074 | D:1      | 1074 ||| READING 2 scrolls labelled OLYCSE VA SYFYCY.
  1075 | D:1      | 1075 ||| READING scroll labelled NUILUO SALIU.
  1163 | D:2      | Noticed Jessica
  1166 | D:2      | Killed Jessica
  1167 | D:2      | Reached XP level 4. HP: 28/28 MP: 4/4
  1167 | D:2      | Found Imudgh's Antique Weapon Boutique.
  1187 | D:2      | 1187 ||| SHOPLISTING flail (105 gold, have 17).
  1254 | D:2      | 1254 ||| SWAPPING to +0 broad axe of flaming.
  1255 | D:2      | 1255 ||| DROPPING +0 club.
  1256 | D:2      | 1256 ||| DROPPING +0 war axe.
  1271 | D:2      | 1271 ||| Stepping ~*~*~tactically~*~*~ (stealth).
  1290 | D:2      | Found a faded altar of an unknown god.
  1291 | D:2      | 1291 ||| Stepping ~*~*~tactically~*~*~ (hiding).
  1327 | D:2      | Reached skill level 4 in Axes
  1583 | D:2      | 1583 ||| Stepping ~*~*~tactically~*~*~ (stealth).
  1721 | D:3      | 1721 ||| Stepping ~*~*~tactically~*~*~ (stealth).
  1727 | D:3      | Reached XP level 5. HP: 32/32 MP: 5/5
  1774 | D:3      | 1774 ||| Stepping ~*~*~tactically~*~*~ (stealth).
  1775 | D:3      | 1775 ||| Stepping ~*~*~tactically~*~*~ (hiding).
  1776 | D:3      | 1776 ||| Stepping ~*~*~tactically~*~*~ (hiding).
  1777 | D:3      | 1777 ||| Stepping ~*~*~tactically~*~*~ (hiding).
  1778 | D:3      | 1778 ||| Stepping ~*~*~tactically~*~*~ (hiding).
  1914 | D:3      | Reached skill level 5 in Axes
  2068 | D:3      | 2068 ||| Stepping ~*~*~tactically~*~*~ (stealth).
  2536 | D:3      | Found a white marble altar of Elyvilon.
  2541 | D:3      | 2541 ||| UPGRADING to ring of protection from fire.
  2542 | D:3      | 2542 ||| DROPPING +6 ring of intelligence.
  2543 | D:3      | 2543 ||| READING scroll labelled LOSONA POORROR.
  2544 | D:3      | 2544 ||| READING 2 scrolls labelled TAUQUIBUST.
  2545 | D:3      | 2545 ||| READING scroll labelled AFEKIA SOVAFRESOX.
  2546 | D:3      | 2546 ||| DRINKING 2 fizzy black potions.
  2651 | D:3      | 2651 ||| DROPPING potion of berserk rage.
  2652 | D:3      | 2652 ||| DROPPING scroll of noise.
  2683 | D:4      | 2683 ||| PLANNING SEWER
  2701 | D:4      | HP: 8/33 [iguana (6)]
  2701 | D:4      | Slain by an iguana

Levels and vault maps discovered:
D:1:      lightli_arrival_statuegarden, layout_loops_corners,
          nicolae_nh_oracle_at_delphi
D:2:      layout_rooms, dreamdust_ecumenical_altar_grove, serial_shops, shop,
          uniq_jessica
D:3:      layout_loops_ring, nicolae_elyvilon_temple_path, grunt_decor_arrowhead
D:4:      layout_rooms, portal_sewer_entry_d

Skill      XL: |  1  2  3  4  5 |
---------------+----------------+-----
Axes           | 2 3 4 5 |  5.0
Fighting       | 4 |  4.0
Armour         | |  3.2
Dodging        | |  0.3
Shields        | |  3.2

Action                     |  1- 3 |  4- 6 || total
---------------------------+-------+-------++-------
  Melee: War axe           |    83 |    13 ||    96
         Broad axe         |       |   123 ||   123
    Use: Scroll            |     2 |     3 ||     5
         Potion            |       |     1 ||     1
 Armour: Scale mail        |    39 |    75 ||   114
  Dodge: Dodged            |    33 |    46 ||    79
  Block: Buckler           |    23 |    26 ||    49

Table legend:
 A = Non-vault XP
 B = Vault XP
 C = Vault XP percentage of total XP
 D = Non-vault monster count
 E = Vault monster count
 F = Vault count percentage of total count
                 A         B        C        D         E       F
            +---------+---------+-------+---------+---------+-------
      Total |     261 |      41 |  13.6 |      64 |       3 |   4.5
            +---------+---------+-------+---------+---------+-------
        D:1 |      35 |       4 |  10.3 |      22 |       2 |   8.3
        D:2 |      81 |      37 |  31.4 |      24 |       1 |   4.0
        D:3 |     145 |       0 |   0.0 |      18 |       0 |   0.0
            +---------+---------+-------+---------+---------+-------
